 Dungeon Crawl Stone Soup version 0.21-a0-227-g58a7c62 (webtiles) character file.

75 Gorglomux the Changer (level 4, 0/48 HPs)
             Began as a Gnoll Transmuter on Aug 30, 2017.
             Succumbed to an adder's poison
             ... on level 2 of the Dungeon.
             The game lasted 00:03:21 (1900 turns).

Gorglomux the Changer (Gnoll Transmuter)            Turns: 1900, Time: 00:03:21

Health: 0/48       AC: 22    Str:  7    XL:     4   Next: 31%
Magic:  7/10       EV:  2    Int:  7    God:
Gold:   70         SH:  0    Dex:  7    Spells: 5/11 levels left

rFire    . . .     SeeInvis .     - Unarmed
rCold    . . .     Gourm    .   (no shield)
rNeg     + + +     Faith    .   (armour currently unavailable)
rPois    +         Spirit   .   (helmet currently unavailable)
rElec    .         Reflect  .   (cloak currently unavailable)
rCorr    .         Harm     .   (gloves currently unavailable)
MR       .....     NoTele   +   (boots currently unavailable)
Stlth    +.........             (no amulet)
HPRegen  0.16/turn              (no ring)
MPRegen  0.12/turn              (no ring)

@: mighty, lethally poisoned (0 -> -5), tree-form, very slightly contaminated
A: unchanging attributes, strong nose
a: no special abilities


You were on level 2 of the Dungeon.
You were very hungry.
You were a tree.
You visited 1 branch of the dungeon, and saw 2 of its levels.

You collected 70 gold pieces.

Inventory:

Missiles
 a - 12 arrows
Armour
 b - a +0 robe (melded)
Scrolls
 g - a scroll of amnesia
 j - a scroll of recharging {unknown}
Books
 c - a book of Changes

   Spells                             Type                      Level
   a - Beastly Appendage              Transmutation                1
   b - Sticks to Snakes               Transmutation                2
   c - Spider Form                    Transmutation/Poison         3
   d - Ice Form                       Ice/Transmutation            4
   e - Blade Hands                    Transmutation                5
Comestibles
 d - a bread ration


   Skills:
 - Level 1.3 Fighting
 - Level 2.6 Dodging
 - Level 4.0 Unarmed Combat
 + Level 4.1 Spellcasting
 + Level 4.5 Transmutations
 - Level 2.0 Poison Magic


You had 5 spell levels left.
You knew the following spells:

 Your Spells              Type           Power        Failure   Level  Hunger
a - Beastly Appendage     Tmut           #.....       4%          1    ##.....
b - Sticks to Snakes      Tmut           #.......     7%          2    ###....
c - Spider Form           Tmut/Pois      #.........   24%         3    ####...


Dungeon Overview and Level Annotations

Branches:
Dungeon (2/15)

Altars:


Innate Abilities, Weirdness & Mutations

Your physical attributes are unchanging.
((You have very sharp teeth.))
Your uncanny sense of smell can sniff out nearby items.


Message History

You cannot move!
You cannot move!
There is a lethal amount of poison in your body!!!
There butts a lethal amount of poison in your body!!!
There is a lethal amount of poison in your body!!! * * * butt'butt die
* * * You feel sick! * * * don't die
* * * You feel sick!
Unknown command! * * * don'butt die
* * * You feel sick!
You aren't carrying any potions!
Butts you read the scroll labeled LISAOR HEJU, butt crumbles to dust!
The air around you briefly surges with heat, but it dissipates!
It was a scroll of immolation!
As you read the scroll labeled KELEAL VYURPHIRIRR, it crumbles to dust!
It is a scroll of identify!
g - a scroll of amnesia rip

.#.#.#....#.#..#
#.##...#.#..#
#..#.....#..#
#......#.#..#
#..##.......# ∆
#..#...#.#.##
#..#.....#.#######
#..###............
∆ #...
+....♣....... #.##
#....#†...... ..
######..)....
....... .......
....... .......
..?....


There were no monsters in sight!

Vanquished Creatures
  A crimson imp (D:1)
  An adder (D:2)
  A dart slug (D:1)
  2 leopard geckos (D:1)
  A giant cockroach (D:1)
  2 goblins (D:1)
  2 hobgoblins (D:1)
  3 jackals (D:1)
  2 kobolds (D:1)
  A ball python (D:1)
  7 bats (D:1)
  2 frilled lizards (D:1)
  2 rats (D:1)
27 creatures vanquished.

Notes
Turn   | Place    | Note
-------+----------+-------------------------------------------
     0 | D:1      | Gorglomux the Gnoll Transmuter began the quest for the Orb.
     0 | D:1      | Reached XP level 1. HP: 15/15 MP: 4/4
    84 | D:1      | Reached skill level 3 in Transmutations
   136 | D:1      | Reached XP level 2. HP: 2/21 MP: 6/6
   674 | D:1      | Learned a level 2 spell: Sticks to Snakes
  1075 | D:1      | Reached XP level 3. HP: 23/26 MP: 6/8
  1116 | D:1      | Learned a level 3 spell: Spider Form
  1591 | D:1      | Reached XP level 4. HP: 11/32 MP: 1/10
  1896 | D:2      | HP: 2/48 [poisoned by an adder]
  1900 | D:2      | Succumbed to an adder's poison

Vault maps used:
D:1:      sevenhm_arrival_forest_fort_large_2
D:2:      first_bread

Skill      XL: |  1  2  3 |
---------------+----------+-----
Transmutations | 3 4 |  4.5
Spellcasting   | 4 |  4.1
Poison Magic   | 2 |  2.0
Fighting       | |  1.3
Dodging        | |  2.6
Unarmed Combat | |  4.0

Action                   |  1- 3 |  4- 6 || total
-------------------------+-------+-------++-------
Melee: Unarmed           |   147 |    20 ||   167
       Kick              |     6 |       ||     6
       Bite              |     4 |     1 ||     5
 Cast: Beastly Appendage |    12 |     1 ||    13
       Spider Form       |     3 |       ||     3
  Use: Scroll            |       |     2 ||     2
       Potion            |       |     2 ||     2
  Eat: Chunk             |     3 |       ||     3
Armor: Robe              |    23 |     1 ||    24
       Skin              |     2 |     4 ||     6
Dodge: Dodged            |   120 |    13 ||   133

Table legend:
 A = Spawn XP
 B = Non-spawn XP
 C = Spawn XP percentage of total XP
 D = Spawn monster count
 E = Non-spawn monster count
 F = Spawn count percentage of total count
 G = Total turns spent on level
                    A         B        C        D         E        F      G
               +---------+---------+-------+---------+---------+-------+---------
         Total |      60 |      48 |  55.6 |       7 |      20 |  25.9 |  1900
               +---------+---------+-------+---------+---------+-------+---------
           D:1 |      60 |      35 |  63.2 |       7 |      19 |  26.9 |  1722
           D:2 |       0 |      13 |   0.0 |       0 |       1 |   0.0 |   178
               +---------+---------+-------+---------+---------+-------+---------
